 Dungeon Crawl Stone Soup version 0.25.1-2-g60ff931df9 (webtiles) character file.

Game seed: 5647891964723860016

108 DogServant the Ruffian (level 4, -9/38 HPs)
             Began as a Naga Transmuter on Nov 10, 2020.
             Mangled by Menkaure (16 damage)
             ... on level 4 of the Dungeon.
             The game lasted 00:02:06 (2023 turns).

DogServant the Ruffian (Naga Transmuter)            Turns: 2023, Time: 00:02:07

Health: -9/38      AC:  3    Str: 13    XL:     4   Next: 87%
Magic:  3/7        EV: 10    Int: 13    God:
Gold:   75         SH:  0    Dex: 12    Spells: 4/7 levels left

rFire    . . .     SeeInvis +   e - +0 whip (elec)
rCold    . . .     Gourm    .   (no shield)
rNeg     . . .     Faith    .   b - +0 robe
rPois    +         Spirit   .   (no helmet)
rElec    .         Reflect  .   k - +0 cloak
rCorr    .         Harm     .   (no gloves)
MR       .....                  (no barding)
Stlth    +.........             (no amulet)
HPRegen  0.12/turn              (no ring)
MPRegen  0.10/turn              (no ring)

@: very slow
A: large, see invisible, deformed body, poison resistance, slowness 2, slow
metabolism 1, spit poison 1, AC +1
a: Spit Poison


You were on level 4 of the Dungeon.
You were not hungry.

You visited 1 branch of the dungeon, and saw 3 of its levels.

You collected 75 gold pieces.

Inventory:

Hand Weapons
 e - a +0 whip of electrocution (weapon)
Missiles
 a - 35 arrows
Armour
 b - a +0 robe (worn)
 k - a +0 cloak (worn)
Jewellery
 q - a +4 ring of evasion {unknown}
Wands
 c - a wand of polymorph (6)
Scrolls
 f - a scroll of fear {unknown}
 h - a scroll of remove curse {unknown}
 i - a scroll of immolation {unknown}
 j - 2 scrolls of magic mapping {unknown}
 m - 3 scrolls of identify {unknown}
 n - a scroll of enchant armour {unknown}
 o - a scroll of enchant weapon {unknown}
 p - a scroll of random uselessness {unknown}
Potions
 l - 2 potions of brilliance {unknown}
Comestibles
 d - 5 rations


   Skills:
 - Level 1.0 Fighting
 - Level 1.5 Dodging
 + Level 4.3 Unarmed Combat
 - Level 2.0 Spellcasting
 + Level 3.7 Transmutations


You had 4 spell levels left.
You knew the following spells:

 Your Spells              Type           Power        Failure   Level  Hunger
a - Beastly Appendage     Tmut           ##....       5%          1    ##.....
b - Sticks to Snakes      Tmut           ##......     9%          2    ###....

Your spell library contained the following spells:

 Spells                   Type           Power        Failure   Level  Hunger
 Spider Form              Tmut/Pois      #.........   34%         3    ####...
 Ice Form                 Ice/Tmut       #.......     75%         4    #####..
 Blade Hands              Tmut           ##........   83%         5    ######.


Dungeon Overview and Level Annotations

Branches:
Dungeon (2/15)

Altars:
Trog

Annotations:
D:4 Menkaure


Innate Abilities, Weirdness & Mutations

You cannot wear boots.
Your serpentine skin is tough. (AC +1)
You have supernaturally acute eyesight. (SInv)
Armour fits poorly on your strangely shaped body.
Your system is resistant to poisons. (rPois)
You cover ground very slowly.
You have a slow metabolism.
You can spit poison.


Message History

Confirm with . or Enter, or press ? or * to list all spells.
You create a snake!
You now have 35 arrows.
Menkaure mumbles some strange words.
Menkaure seems to speed up.
Menkaure calls on the powers of darkness!
Your body is wracked with pain!
Your ball python convulses! x2
You hit Menkaure. Lightning courses through Menkaure!!
Menkaure is almost destroyed.
Menkaure hits you!
* * * LOW HITPOINT WARNING * * *
Menkaure gestures at you while chanting.
You struggle to resist.
You hit Menkaure but do no damage.
Menkaure is almost destroyed.
Your ball python bites Menkaure.
Your ball python grabs Menkaure.
Your ball python constricts Menkaure.
Menkaure sighs drily.
Menkaure hits you!
You die...

##### #########
#...#
........#######...#
#######...........#
#########.....#.##
................#
#########(......#
......#..#
.#####.#S@# #
#.#SM# #.#..# #..#
#. #..# ###. #..#
#####... #...
........ #...
#.#..... ........


You could see Menkaure (fast) and 2 friendly ball pythons.

Vanquished Creatures
  An orc wizard (D:4)
  A gnoll (D:1)
  2 adders (D:2)
  An ooze (D:2)
  A dart slug (D:2)
  A worm (D:2)
  2 leopard geckos (D:1)
  2 giant cockroaches
  5 hobgoblins
  3 jackals (D:1)
  4 bats
  A frilled lizard (D:1)
  8 goblins
  6 kobolds
  4 rats (D:1)
42 creatures vanquished.

Notes
Turn   | Place    | Note
-------+----------+-------------------------------------------
     0 | D:1      | DogServant the Naga Transmuter began the quest for the Orb.
     0 | D:1      | Reached XP level 1. HP: 18/18 MP: 3/3
    65 | D:1      | Reached XP level 2. HP: 19/25 MP: 3/5
   382 | D:1      | Learned a level 2 spell: Sticks to Snakes
   531 | D:1      | Reached XP level 3. HP: 31/31 MP: 4/6
   899 | D:1      | You fall into a shaft and drop 1 floor!
  1058 | D:1      | Reached XP level 4. HP: 36/38 MP: 7/7
  1079 | D:1      | Reached skill level 4 in Unarmed Combat
  1713 | D:2      | Found a bloodstained altar of Trog.
  1821 | D:2      | You fall into a shaft and drop 2 floors!
  1831 | D:4      | Noticed Menkaure
  2023 | D:4      | Mangled by Menkaure

Illustrated notes

Levels and vault maps discovered:
D:1:      saegor_arrival_simple_e, layout_loops_ring
D:2:      layout_basic, lemuel_coloured_pillars_altar, serial_forest,
          infiniplex_forest_straight_4, infiniplex_forest_clump_medium,
          infiniplex_forest_lined_corner, infiniplex_forest_lined_2,
          infiniplex_forest_clump_C, infiniplex_forest_clump_tiny
D:4:      layout_basic, demons_altar, minmay_temple_entry_glass, serial_shops,
          shop, uniq_robin, uniq_sigmund, uniq_edmund, uniq_menkaure

Skill      XL: |  1  2  3  4 |
---------------+-------------+-----
Transmutations | 3 |  3.7
Unarmed Combat | 4 |  4.3
Fighting       | |  1.0
Dodging        | |  1.5
Spellcasting   | |  2.0

Action                   |  1- 3 |  4- 6 || total
-------------------------+-------+-------++-------
Melee: Unarmed           |    10 |       ||    10
       Headbutt          |     7 |     2 ||     9
       Whip              |    63 |    56 ||   119
 Cast: Beastly Appendage |    11 |     8 ||    19
       Sticks to Snakes  |       |     2 ||     2
 Abil: Spit Poison       |     4 |     3 ||     7
  Use: Scroll            |       |     1 ||     1
       Potion            |       |     1 ||     1
 Stab: Sleeping          |     2 |       ||     2
  Eat: Chunk             |       |     3 ||     3
Armor: Robe              |    10 |     7 ||    17
Dodge: Dodged            |    42 |    28 ||    70
